AoeStats
← Kiritastrich

Arabia

508525872Analyzed
1v1 RM · 9d ago on Sep 22, 2026· 25m 14s· 2 players
Game mode
Random Map
Map size
Tiny (2 player)
Population
200
Speed
Normal
Resources
Standard
Victory
Conquest
Starting age
Dark Age
Ending age
Imperial Age
RankedLock teamsTeams togetherTeam positionsShared explorationLock speedFull tech treeHidden civsTurbo modeCheats
Victory
Defeat
🇷🇺 Random · Russia
1821
+13
🇨🇦 Spanish · Canada
1763
-13
Aron
8:01 Loom
11:19 Feudal Age
15:24 Castle Age
Kiritastrich
5:48 Loom
9:20 Feudal Age
13:50 Fletching
14:19 Padded Archer Armor
20:55 Castle Age
20:41 Double-Bit Axe
21:26 Crossbowman
23:37 Bodkin Arrow
Connection lost

Rejoining the realm…

Still unreachable

The connection could not be restored.

Session expired

The server has moved on; the page needs a fresh start.